 Dungeon Crawl Stone Soup version 0.32-a0-132-g2d33c3cfaf (webtiles) character file.

Game seed: 3085929973383972599

303 zeratav the Sneak (level 6, -5/45 HPs)
             Began as an Octopode Shapeshifter on Feb 9, 2024.
             Shot with an arrow by a centaur (12 damage)
             ... on level 5 of the Dungeon.
             The game lasted 00:03:46 (3837 turns).

zeratav the Sneak (Octopode Shapeshifter)           Turns: 3837, Time: 00:03:47

Health: -5/45      AC:  1    Str: 15    XL:     6   Next: 38%
Magic:  6/6        EV: 13    Int: 12    God:
Gold:   136        SH:  0    Dex: 12    Spells: 5/5 levels left

rFire   . .          .
                       - Unarmed
rCold   + . .        (no shield)
rNeg    . . .        (helmet currently unavailable)
rPois   .            (no amulet)
rElec   .            d - ring of protection from cold
rCorr   .            (no ring)
SInv    .            (no ring)
Will    .....        (no ring)
Stlth   ++++         (no ring)
HPRegen 0.27/turn    (no ring)
MPRegen 0.10/turn    (no ring)
                     (no ring)

%: no passive effects
@: about to teleport, beast-form
A: beast (slay +1), almost no armour, amphibious, 8 rings, camouflage 1,
gelatinous body 1, (nimble swimmer 1), tentacles
a: Begin Untransformation


You were on level 5 of the Dungeon.
You were a hulking beast.
You visited 1 branch of the dungeon, and saw 5 of its levels.

You collected 136 gold pieces.


Innate Abilities, Weirdness & Mutations

You are a hulking beast.
Your limbs bulge with bestial killing power. (Slay +1)
You cannot wear most types of armour.
You are amphibious.
You can wear up to eight rings at the same time.
Your skin changes colour to match your surroundings (Stealth+).
Your rubbery body absorbs attacks. (AC +1, EV +1)
((You are camouflaged when in or above water. (Stealth+)))
You have tentacles for arms and can constrict up to eight enemies at once.


   Skills:
 - Level 5.0 Fighting
 - Level 2.0 Dodging
 - Level 5.0 Stealth
 - Level 3.0 Unarmed Combat
 + Level 3.1 Shapeshifting


You had 5 spell levels left.
You didn't know any spells.
Your spell library contained the following spells:

 Spells                   Type           Power      Damage    Failure   Level
 Apportation              Tloc           0%         N/A       32%         1
 Necrotise                Necr           0%         1d4       32%         1
 Sting                    Conj/Alch      0%         1d3       32%         1
 Summon Small Mammal      Summ           0%         N/A       32%         1
 Static Discharge         Conj/Air       0%         3-3/arc   45%         2
 Stone Arrow              Conj/Erth      0%         3d7       69%         3
 Airstrike                Air            0%         2d(0-16)  97%         4
 Summon Lightning Spire   Summ/Air       0%         N/A       97%         4
 Lehudib's Crystal Spear  Conj/Erth      0%         10d2      100%        8
 Animate Armour           Summ/Erth      Unusable   N/A       N/A         4

Inventory:

Missiles
 q - 4 poisoned darts {throwing}
Jewellery
 d - a ring of protection from cold (left tentacle)
   (You found it on level 1 of the Dungeon)
Talismans
 b - a beast talisman
 c - a flux talisman
Wands
 h - a wand of charming (16)
   (You found it on level 2 of the Dungeon)
 s - a wand of iceblast (25) (quivered)
   (You found it on level 4 of the Dungeon)
Scrolls
 e - a scroll of fear {unknown}
 g - 2 scrolls of teleportation {@r4}
 k - a scroll of revelation {unknown}
 l - 2 scrolls of identify {unknown}
 m - a scroll of enchant weapon {unknown}
 r - a scroll of vulnerability {unknown}
 u - a scroll of immolation {unknown}
 v - a scroll of butterflies {unknown}
 x - a scroll of fog {unknown}
Potions
 a - a potion of lignification {!q}
 f - 4 potions of curing {unknown}
 i - a potion of brilliance {unknown}
 j - a potion of attraction {unknown}
 n - a potion of ambrosia {unknown}
 o - a potion of heal wounds {unknown}
 p - 4 potions of invisibility {unknown}
 t - a potion of mutation {unknown}
 w - a potion of berserk rage {unknown}

Dungeon Overview and Level Annotations

Branches:
Dungeon (5/15) Zot: 26170
 Temple: D:4-7

Altars:
Ashenzari
Fedhas

Shops:
D:2 :

Annotations:
D:5 exclusion: phantom

.....................
....................
#######...##.##..##
##...##'##..###+##
#....#...........#
#....#...........#
#....#...........#
#....#...|.......#
#....#.....h.....#
#...###....#####+#
#'#####..ch###...# ..
..'...........#
..#..)........# ..
#...........# .
#...........#
#.##..###...# ## ##+#
...#


You could see a black bear and a centaur.


Message History

No target in view!
No target in view!
No target in view!
No target in view!
No target in view!
No target in view!
No target in view!
No target in view!
No target in view!
No target in view!
x - a scroll labelled YWNUTE TOTA HP[+9]
Your hp is fully restored (45).
There is an open door here.
You now have 114 gold pieces (gained 13).
You see here a +0 flail {mace}.
You now have 127 gold pieces (gained 13).
An orc comes into view. It is wielding a +0 club.
The orc shouts!
An orc is nearby!
An orc is nearby!
You tentacle-slap the orc. You grab the orc. You squeeze the orc.
You kill the orc!
No target in view!
No target in view!
No target in view!
No target in view!
No target in view!
No target in view!
No target in view!
No target in view!
No target in view!
Things that are here:
a +0 club {mace}; an orc corpse You open the door.
There is an open door here.
A phantom comes into view.
The phantom moves out of view.
A hound comes into view.
The hound moves out of view.
There is an open door here.
A hound is nearby!
The hound barks!
You tentacle-slap the hound. You grab the hound. You constrict the hound.
The hound closely misses you.
You tentacle-slap the hound. You squeeze the hound. You constrict the hound.
The hound bites you.
HP[-1]
You take 1 damage, and now have 44/45 hp.
You tentacle-slap the hound. You constrict the hound.
You kill the hound!
Training target 5.0 for Fighting reached!
Your Fighting skill increases to level 5!
You need to enable at least one skill for training.
You see here a staff of fire {staff}.
HP[+1]
Your hp is fully restored (45).
A centaur comes into view.
You see here 9 gold pieces.
Unknown command.
A centaur is nearby!
A centaur is nearby!
You now have 136 gold pieces (gained 9).
A black bear comes into view.
The black bear growls angrily.
The centaur shouts!
The centaur wields a +0 shortbow.
The centaur shoots an arrow.
The arrow hits you!
HP[-8]
You take 8 damage, and now have 37/45 hp.
The centaur shoots an arrow.
The arrow closely misses you.
HP[+1]
The black bear growls angrily.
The centaur shoots an arrow.
The arrow hits you!
HP[-13]
You take 13 damage, and now have 25/45 hp.
MASSIVE DAMAGE!! (PAUSE)
As you read the scroll labelled NESUKI VEXIVA, it crumbles to dust.
You feel strangely unstable.
It was a scroll of teleportation.
The centaur unwields a +0 shortbow.
The centaur hits you.
* * * LOW HITPOINT WARNING * * *
The centaur kicks you.
* * * LOW HITPOINT WARNING * * *
The black bear bites you.
* * * LOW HITPOINT WARNING * * *
The black bear closely misses you. The black bear barely misses you.
HP[-8]
You take 8 damage, and now have 17/45 hp.
You barely miss the centaur. Your squeeze misses the centaur.
The centaur barely misses you. The centaur kicks you.
* * * LOW HITPOINT WARNING * * *
The black bear bites you!
* * * LOW HITPOINT WARNING * * *
The black bear closely misses you. The black bear barely misses you.
HP[-11]
You take 11 damage, and now have 6/45 hp.
MASSIVE DAMAGE!! (PAUSE)
The centaur wields a +0 shortbow.
The centaur shoots an arrow.
The arrow hits you!
You die...

Skill      XL: |  1  2  3  4  5  6 |
---------------+-------------------+-----
Stealth        | 2 4 5 |  5.0
Fighting       | 2 4 5 |  5.0
Dodging        | |  2.0
Unarmed Combat | |  3.0
Shapeshifting  | |  3.1

Action                     |  1- 3 |  4- 6 || total
---------------------------+-------+-------++-------
  Melee: Unarmed           |    51 |    78 ||   129
         Constrict         |    10 |    21 ||    31
         Tentacles         |     5 |    20 ||    25
         Punch             |     1 |     4 ||     5
    Use: Scroll            |       |     1 ||     1
   Stab: Sleeping          |     8 |    12 ||    20
 Armour: Skin              |    21 |    44 ||    65
  Dodge: Dodged            |    31 |    35 ||    66

Levels and vault maps discovered:
D:1:      mrwooster_arrival_statue_2, layout_loops_ring, minivault_27,
          minmay_lizard_king
D:2:      layout_rooms, basic_altar, hellmonk_ecumenical_altar_zigzags,
          serial_shops, nicolae_square_shop, kennysheep_nub,
          kennysheep_pointless_box, serial_bayou_crossing
D:3:      layout_basic, minmay_misc_feat_hallway
D:4:      layout_loops_corners, lemuel_doored_altar
D:5:      layout_gridville, hangedman_glass_teeth

Notes
Turn   | Place    | Note
-------+----------+-------------------------------------------
     0 | D:1      | zeratav the Octopode Shapeshifter began the quest for the
                  | Orb.
     0 | D:1      | Reached XP level 1. HP: 13/13 MP: 1/1
     0 | D:1      | magus.rc [v1.9.6]
    72 | D:1      | Reached skill level 1 in Stealth
   135 | D:1      | Reached skill level 2 in Stealth
   138 | D:1      | Reached XP level 2. HP: 13/18 MP: 2/2
   410 | D:1      | Reached skill level 3 in Stealth
   742 | D:2      | Found Ocran's Book Shop.
   818 | D:2      | Found a blossoming altar of Fedhas.
   843 | D:2      | Reached skill level 4 in Stealth
   843 | D:2      | Reached XP level 3. HP: 17/23 MP: 3/3
  1006 | D:2      | You pick up a book of Storms and begin reading...
  1006 | D:2      | You add the spells Static Discharge, Airstrike and Summon
                  | Lightning Spire to your library.
  1104 | D:2      | Reached skill level 5 in Stealth
  1107 | D:2      | Reached XP level 4. HP: 25/28 MP: 4/4
  1147 | D:2      | Found a faded altar of an unknown god.
  1686 | D:3      | Reached skill level 2 in Fighting
  1686 | D:3      | HP: 7/29 [poisoned by an adder]
  1690 | D:3      | HP: 3/29 [poisoned by an adder]
  1692 | D:3      | HP: 1/29 [poisoned by an adder]
  2573 | D:4      | Reached XP level 5. HP: 36/36 MP: 5/5
  2597 | D:4      | You pick up a book of Cantrips and begin reading...
  2597 | D:4      | You add the spells Sting, Necrotise, Summon Small Mammal
                  | and Apportation to your library.
  2614 | D:4      | Found a broken altar of Ashenzari.
  2616 | D:4      | Reached skill level 3 in Fighting
  3202 | D:4      | You pick up a book of Armaments and begin reading...
  3202 | D:4      | You add the spells Stone Arrow and Lehudib's Crystal Spear
                  | to your library.
  3237 | D:5      | Entered Level 5 of the Dungeon
  3325 | D:5      | Noticed a phantom
  3355 | D:5      | Reached skill level 4 in Fighting
  3508 | D:5      | Reached XP level 6. HP: 28/44 MP: 6/6
  3815 | D:5      | Reached skill level 5 in Fighting
  3828 | D:5      | Noticed a black bear
  3836 | D:5      | HP: 6/45 [black bear (8)]
  3837 | D:5      | Shot with an arrow by a centaur

Vanquished Creatures
  2 hounds
  A bombardier beetle (D:5)
  2 iguanas (D:5)
  A sleepcap (D:5)
  4 adders
  3 gnolls (D:2)
  A white imp (D:5)
  2 ribbon worms (D:3)
  2 dart slugs
  3 orcs
  3 endoplasms
  A giant cockroach (D:3)
  5 goblins
  5 hobgoblins
  2 kobolds
  2 quokkas (D:3)
  2 ball pythons (D:1)
  7 bats
  10 frilled lizards
  2 rats
60 creatures vanquished.

Table legend:
 A = Non-vault XP
 B = Vault XP
 C = Vault XP percentage of total XP
 D = Non-vault monster count
 E = Vault monster count
 F = Vault count percentage of total count
                 A         B        C        D         E       F
            +---------+---------+-------+---------+---------+-------
      Total |     426 |       8 |   1.8 |      52 |       8 |  13.3
            +---------+---------+-------+---------+---------+-------
        D:1 |      16 |       8 |  33.3 |      10 |       8 |  44.4
        D:2 |      74 |       0 |   0.0 |      14 |       0 |   0.0
        D:3 |      60 |       0 |   0.0 |      16 |       0 |   0.0
        D:4 |      63 |       0 |   0.0 |       4 |       0 |   0.0
        D:5 |     213 |       0 |   0.0 |       8 |       0 |   0.0
            +---------+---------+-------+---------+---------+-------

Skill      XL: |  1  2  3  4  5  6 |
---------------+-------------------+-----
Stealth        | 2 4 5 |  5.0
Fighting       | 2 4 5 |  5.0
Dodging        | |  2.0
Unarmed Combat | |  3.0
Shapeshifting  | |  3.1

Action                     |  1- 3 |  4- 6 || total
---------------------------+-------+-------++-------
  Melee: Unarmed           |    51 |    78 ||   129
         Constrict         |    10 |    21 ||    31
         Tentacles         |     5 |    20 ||    25
         Punch             |     1 |     4 ||     5
    Use: Scroll            |       |     1 ||     1
   Stab: Sleeping          |     8 |    12 ||    20
 Armour: Skin              |    21 |    44 ||    65
  Dodge: Dodged            |    31 |    35 ||    66

Illustrated notes

Table legend:
 A = Kills in this place as a percentage of kills in the entire game.
 B = Kills by you in this place as a percentage of kills by you in the entire game.
 C = Kills by friends in this place as a percentage of kills by friends in the entire game.
 D = Other kills in this place as a percentage of other kills in the entire game.
 E = Experience gained in this place as a percentage of experience gained in the entire game.
 F = Experience gained in this place divided by the number of levels of this place that you have seen.
                   A       B       C       D       E      F
               +-------+-------+-------+-------+-------+----------------------
         Total | 100.0 | 100.0 |   N/A |   N/A | 100.0 |  86.8
       Dungeon | 100.0 | 100.0 |   N/A |   N/A | 100.0 |  86.8
               +-------+-------+-------+-------+-------+----------------------

Table legend: (Time is in decaauts)
 A = Elapsed time spent in this place.
 B = Non-inter-level travel time spent in this place.
 C = Inter-level travel time spent in this place.
 D = Time resting spent in this place.
 E = Time spent auto-exploring this place.
 F = Levels seen in this place.
 G = Mean time per level.
                   A        B        C        D        E       F      G
               +--------+--------+--------+--------+--------+-----+--------+
         Total |   3828 |   3690 |    138 |    116 |   3080 |   5 |  765.6 |
       Dungeon |   3828 |   3690 |    138 |    116 |   3080 |   5 |  765.6 |
               +--------+--------+--------+--------+--------+-----+--------+

Top non-repeatable levels by time:
     D:3: 898 daAuts
     D:4: 814 daAuts
     D:2: 787 daAuts
     D:1: 729 daAuts
     D:5: 598 daAuts
